 Dungeon Crawl Stone Soup version 0.26-a0-812-g31a745ddcd (webtiles) character file.

Game seed: 17317582314017561077

54 Lanoc the Chiller (level 3, 0/28 HPs)
             Began as a Deep Dwarf Ice Elementalist on Nov 29, 2020.
             Was a Believer of Lugonu.
             Killed from afar by an orc wizard (8 damage)
             ... with a magic dart
             ... on level 3 of the Dungeon.
             The game lasted 00:02:42 (864 turns).

Lanoc the Chiller (Deep Dwarf Ice Elementalist)      Turns: 864, Time: 00:02:43

Health: 0/28       AC:  2    Str: 11    XL:     3   Next: 66%
Magic:  2/5        EV: 13    Int: 16    God:    Lugonu [**....]
Gold:   24         SH:  0    Dex: 13    Spells: 1/5 levels left

rFire    . . .     SeeInvis .   (no weapon)
rCold    . . .     Faith    .   (no shield)
rNeg     . . .     Spirit   .   a - +0 robe
rPois    .         Reflect  .   (no helmet)
rElec    .         Harm     .   (no cloak)
rCorr    .         Rampage  .   (no gloves)
MR       .....                  (no boots)
Stlth    ++........             (no amulet)
HPRegen  0.00/turn              (no ring)
MPRegen  0.09/turn              (no ring)

@: frozen ramparts, non-regenerating
A: damage resistance, heal wounds, sense surroundings 1, no regeneration
a: Heal Wounds, Depart the Abyss, Bend Space, Renounce Religion


You were on level 3 of the Dungeon.
You worshipped Lugonu.
Lugonu was pleased with you.
You visited 1 branch of the dungeon, and saw 3 of its levels.

You collected 24 gold pieces.

Inventory:

Armour
 a - a +0 robe (worn)
Scrolls
 b - 2 scrolls of identify {unknown}
 c - a scroll of enchant armour {unknown}


   Skills:
 + Level 3.1 Dodging
 - Level 2.4 Stealth
 - Level 1.7 Spellcasting
 * Level 4.5 Ice Magic
 + Level 0.1 Invocations


You had one spell level left.
You knew the following spells:

 Your Spells              Type           Power        Failure   Level
a - Freeze                Ice            ###.         3%          1
b - Frozen Ramparts       Ice            ###...       10%         3

Your spell library contained the following spells:

 Spells                   Type           Power        Failure   Level
 Ozocubu's Armour         Ice            ###.....     10%         3
 Hailstorm                Conj/Ice       #.......     63%         4
 Summon Ice Beast         Ice/Summ       #.......     63%         4


Dungeon Overview and Level Annotations

Branches:
Dungeon (3/15)

Altars:
Lugonu


Innate Abilities, Weirdness & Mutations

You are resistant to damage.
You can heal yourself by infusing magical energy.
You passively map a small area around you.
You do not regenerate.


Message History

The spell is quite dangerous to cast (10% risk of failure)!
Continue anyway?
The walls around you are covered in ice.
The wall freezes the orc.
The wall freezes the orc.
You kill the orc!
Lugonu accepts your kill.
The wall freezes the orc wizard.
The orc wizard gestures wildly while chanting.
The orc wizard seems to speed up.
You hear a shout!
You hear an angry hiss.
The wall freezes the orc wizard.
The orc wizard casts a spell.
The orc wizard blinks!
The wall freezes the orc wizard.
The wall freezes the orc wizard.
The wall freezes the orc.
The wall freezes the orc wizard.
The wall freezes the orc.
The orc barely misses you.
The orc wizard points at you and mumbles some strange words.
The magic dart hits you!
You die...

, ....+, #.*##....... * *
#...# #. #........ , ,
#...##,##. #........ , ,
*#$..' ..##........ , * *
#.o.# * ..#........ , #.
,#...# #.#........ *
#...##'#######.#........
* ,
........o....##..###+####
.....###@o...###.###.####
,
##...........'.........[.
#..#.##....†####.#......
, .. #, #.....# #........
. #.....# ##....... * *
#......# #...#### ,
#......# ##..# # * , *
#....).# #..# # ,
#......# ##.# #


You could see an orc wizard (fast) and 2 orcs.

Vanquished Creatures
  3 adders
  2 worms (D:3)
  A leopard gecko (D:3)
  An orc (D:3)
  3 bats
  2 giant cockroaches
  A goblin (D:3)
  A hobgoblin (D:1)
  2 frilled lizards
  4 kobolds
  A rat (D:2)
21 creatures vanquished.

Vanquished Creatures (others)
  A plant (D:3)
1 creature vanquished.

Grand Total: 22 creatures vanquished

Notes
Turn   | Place    | Note
-------+----------+-------------------------------------------
     0 | D:1      | Lanoc the Deep Dwarf Ice Elementalist began the quest for
                  | the Orb.
     0 | D:1      | Reached XP level 1. HP: 15/15 MP: 3/3
   186 | D:2      | Reached skill level 4 in Ice Magic
   186 | D:2      | Reached XP level 2. HP: 14/22 MP: 0/4
   317 | D:2      | Reached XP level 3. HP: 11/28 MP: 0/5
   440 | D:3      | Learned a level 3 spell: Frozen Ramparts
   527 | D:3      | Found a faded altar of an unknown god.
   749 | D:3      | Became a worshipper of Lugonu the Unformed
   749 | D:3      | Reached * piety under Lugonu
   749 | D:3      | Reached ** piety under Lugonu
   864 | D:3      | Killed from afar by an orc wizard

Illustrated notes

Levels and vault maps discovered:
D:1:      heliophobic_arrival_enchanted_forest, layout_basic, minivault_24
D:2:      layout_rooms, nemelex_xobeh_ov_fountains_minmay
D:3:      lemuel_castle_with_subvaults [lemuel_castle_interior_carwin_3],
          layout_basic, chequers_temple_overflow_statue_of_worship,
          chequers_ecumenical_altar_simple_redux

Skill      XL: |  1  2  3 |
---------------+----------+-----
Ice Magic      | 4 |  4.5
Dodging        | 3 |  3.1
Stealth        | |  2.4
Spellcasting   | |  1.7
Invocations    | |  0.1

Action                   || total
-------------------------++-------
Melee: Unarmed           ||    23
 Cast: Freeze            ||    26
       Frozen Ramparts   ||     8
Armor: Robe              ||    26
Dodge: Dodged            ||    60

Table legend: (Time is in decaauts)
 A = Elapsed time spent in this place.
 B = Non-inter-level travel time spent in this place.
 C = Inter-level travel time spent in this place.
 D = Time resting spent in this place.
 E = Time spent auto-exploring this place.
 F = Levels seen in this place.
 G = Mean time per level.
                   A        B        C        D        E       F      G
               +--------+--------+--------+--------+--------+-----+--------+
         Total |    863 |    863 |      0 |     23 |    553 |   3 |  287.7 |
       Dungeon |    863 |    863 |      0 |     23 |    553 |   3 |  287.7 |
               +--------+--------+--------+--------+--------+-----+--------+

Top non-repeatable levels by time:
     D:3: 535 daAuts
     D:1: 176 daAuts
     D:2: 151 daAuts
